 Dungeon Sprint DCSS version 0.23-a0-629-gae4348f (webtiles) character file.

17 Lanoc the Carver (level 7, -12/94 HPs)
             Began as a Gnoll Berserker on Dec 27, 2018.
             Was an Elder of Trog.
             Mangled by an orc warrior
             ... wielding a +0 war axe
              (21 damage)
             ... in the Dungeon (Sprint VI: "Thunderdome").
             The game lasted 00:04:56 (441 turns).

Lanoc the Carver (Gnoll Berserker)                   Turns: 441, Time: 00:04:57

Health: -12/94     AC: 10    Str: 26    XL:     7   Next: 84%
Magic:  15/15      EV: 13    Int: 10    God:    Trog [****..]
Gold:   230        SH:  0    Dex: 14    Spells: 17/17 levels left

rFire    . . .     SeeInvis .   a - +0 falchion
rCold    . . .     Gourm    .   (no shield)
rNeg     . . .     Faith    .   o - +0 chain mail
rPois    .         Spirit   .   (no helmet)
rElec    .         Reflect  .   (no cloak)
rCorr    .         Harm     .   (no gloves)
MR       .....     NoTele   +   (no boots)
Stlth    ..........             (no amulet)
HPRegen  0.25/turn              (no ring)
MPRegen  0.14/turn              (no ring)

@: berserking, very quick
A: distributed training, fangs 1, strong nose
a: Berserk, Trog's Hand, Brothers in Arms, Renounce Religion


You were in the Dungeon.
You worshipped Trog.
Trog was greatly pleased with you.
You were very hungry.

You visited 1 branch You collected 230 gold pieces.

Inventory:

Hand Weapons
 a - a +0 falchion (weapon)
Armour
 b - a +0 animal skin
 o - a +0 chain mail (worn)
Wands
 k - a wand of acid (5)
 l - a wand of iceblast (5)
Scrolls
 i - 4 scrolls of blinking
 m - 3 scrolls of fog
Potions
 d - a potion of curing
 e - 3 potions of heal wounds
 f - 4 potions of haste
 g - 2 potions of magic
 h - a potion of berserk rage
 j - a potion of resistance
 p - a potion of mutation {unknown}
Comestibles
 c - a ration
 n - 4 chunks of flesh


   Skills:
 + Level 8.9 Fighting
 + Level 5.8 Short Blades
 + Level 8.9 Long Blades
 + Level 5.8 Axes
 + Level 5.8 Maces & Flails
 + Level 5.8 Polearms
 + Level 5.8 Staves
 + Level 5.8 Slings
 + Level 5.8 Bows
 + Level 5.8 Crossbows
 + Level 5.8 Throwing
 + Level 7.5 Armour
 + Level 7.5 Dodging
 + Level 5.8 Stealth
 + Level 5.8 Shields
 + Level 5.8 Unarmed Combat
 + Level 5.8 Spellcasting
 + Level 4.8 Conjurations
 + Level 4.8 Hexes
 + Level 4.8 Charms
 + Level 4.8 Summonings
 + Level 4.8 Necromancy
 + Level 4.8 Translocations
 + Level 4.8 Transmutations
 + Level 4.8 Fire Magic
 + Level 4.8 Ice Magic
 + Level 4.8 Air Magic
 + Level 4.8 Earth Magic
 + Level 4.8 Poison Magic
 + Level 6.4 Invocations
 + Level 5.8 Evocations


You had 17 spell levels left.
You didn't know any spells.
Your spell library was empty.

Dungeon Overview and Level Annotations

Branches:
Dungeon (1/1)

Altars:
Cheibriados
Dithmenos
Fedhas
Gozag
Kikubaaqudgha
Makhleb
Okawaru
Qazlal
Ru
Sif Muna
Trog
Uskayaw
Vehumet
Wu Jian
Xom
Yredelemnul
Zin
The Shining One
Beogh
Jiyva
Lugonu

Shops:
D *[%??*?*:[((!!!!


Innate Abilities, Weirdness & Mutations

Your experience applies equally to all skills.
You have very sharp teeth.
Your uncanny sense of smell can sniff out nearby items.


Message History

The orc warrior is moderately wounded.
You barely miss the orc warrior.
The orc warrior is moderately wounded.
A red film seems to cover your vision as you go berserk!
You feel yourself moving faster!
You feel mighty!
You are feeling very hungry.
The orc warrior closely misses you.
You hit the orc warrior.
The orc warrior is moderately wounded.
The orc warrior hits you with a +0 war axe!
* * * LOW HITPOINT WARNING * * *
You slash the orc warrior!
The orc warrior is heavily wounded.
You hit the troll. You punch the troll! You bite the troll.
The troll is severely wounded.
The troll bites you.
* * * LOW HITPOINT WARNING * * *
The troll misses you. The troll claws you but does no damage.
The orc warrior hits you with a +0 war axe!!
You die...

#_......._# #...)...._#
###.........###
#⌠..÷........§#
######.8.........8.###
##∩___......###......._
###∩........8.# #.8......
##.......oT....###........
#⌠.......@..###...###.....
#⌠.......)).# #.<.# #.....
#⌠..........###...###.....
##.............###........
###∩........8.# #.8......
##∩___......###......._
######.8.....†...8.###
#⌠...........⌠#
###.........###


You could see a troll and an orc warrior.

Vanquished Creatures
  A troll (D)
  2 porcupines (D)
  3 orc warriors (D)
  Terence (D)
  Jessica (D)
  2 river rats (D)
  An adder (D)
  A worm (D)
  A rat (D)
13 creatures vanquished.

Notes
Turn   | Place    | Note
-------+----------+-------------------------------------------
     0 | D        | Lanoc the Gnoll Berserker began the quest for the Orb.
     0 | D        | Reached XP level 1. HP: 23/23 MP: 1/1
     3 | D        | Found a glowing golden altar of the Shining One.
     4 | D        | Found a snail-covered altar of Cheibriados.
     4 | D        | Found a hide-covered altar of Uskayaw.
     5 | D        | Found an ancient bone altar of Kikubaaqudgha.
     5 | D        | Found a radiant altar of Vehumet.
     5 | D        | Round 1.
     6 | D        | Found a blossoming altar of Fedhas.
     6 | D        | Found Waufoebb's Staff Store.
     6 | D        | Found Reineiby's Magic Scroll Shop.
     7 | D        | Found Nigeijy's Must-Have Magic.
     7 | D        | Found Vecureqehu's Magic Scroll Shop.
    21 | D        | Noticed Terence
    23 | D        | Found a shadowy altar of Dithmenos.
    27 | D        | Killed Terence
    27 | D        | Reached skill level 1 in Short Blades
    27 | D        | Reached skill level 1 in Axes
    27 | D        | Reached skill level 1 in Maces & Flails
    27 | D        | Reached skill level 1 in Polearms
    27 | D        | Reached skill level 1 in Staves
    27 | D        | Reached skill level 1 in Slings
    27 | D        | Reached skill level 1 in Bows
    27 | D        | Reached skill level 1 in Crossbows
    27 | D        | Reached skill level 1 in Throwing
    27 | D        | Reached skill level 1 in Stealth
    27 | D        | Reached skill level 1 in Shields
    27 | D        | Reached skill level 1 in Unarmed Combat
    27 | D        | Reached skill level 1 in Spellcasting
    27 | D        | Reached skill level 1 in Conjurations
    27 | D        | Reached skill level 1 in Hexes
    27 | D        | Reached skill level 1 in Charms
    27 | D        | Reached skill level 1 in Summonings
    27 | D        | Reached skill level 1 in Necromancy
    27 | D        | Reached skill level 1 in Translocations
    27 | D        | Reached skill level 1 in Transmutations
    27 | D        | Reached skill level 1 in Fire Magic
    27 | D        | Reached skill level 1 in Ice Magic
    27 | D        | Reached skill level 1 in Air Magic
    27 | D        | Reached skill level 1 in Earth Magic
    27 | D        | Reached skill level 1 in Poison Magic
    27 | D        | Reached skill level 1 in Evocations
    27 | D        | Reached XP level 2. HP: 29/29 MP: 1/4
    27 | D        | Reached XP level 3. HP: 35/35 MP: 1/5
    61 | D        | Reached skill level 5 in Armour
    61 | D        | Reached skill level 5 in Dodging
    62 | D        | Found a viscous altar of Jiyva.
    70 | D        | Reached ** piety under Trog
    79 | D        | Found a basalt altar of Yredelemnul.
    79 | D        | Found Sacyqob's Delicious Food.
    79 | D        | Found Foxkagre's Jewellery.
    80 | D        | Found Nyguafeb's Advanced Armour.
   101 | D        | Found Lavuewni's Identification Station.
   101 | D        | Found a shimmering altar of Xom.
   101 | D        | Found a stormy altar of Qazlal.
   101 | D        | Found a roughly hewn altar of Beogh.
   112 | D        | Found an opulent altar of Gozag.
   113 | D        | Found a glowing silver altar of Zin.
   116 | D        | Found a bloodstained altar of Trog.
   116 | D        | Found Zeorch Eseicw's Premium Goods.
   116 | D        | Found Wibiycla's Miscellaneous Merchandise.
   117 | D        | Found Tennuibb's Basic Armour.
   121 | D        | Found Etties's Weapon Rack.
   121 | D        | Found a sacrificial altar of Ru.
   121 | D        | Found a deep blue altar of Sif Muna.
   121 | D        | Found a corrupted altar of Lugonu.
   121 | D        | Noticed Jessica
   133 | D        | Killed Jessica
   133 | D        | Reached XP level 4. HP: 43/43 MP: 7/7
   148 | D        | Found an ornate altar of the Wu Jian Council.
   148 | D        | Found an iron altar of Okawaru.
   148 | D        | Found Soadakhe's Do-It-Yourself Clinic.
   148 | D        | Found Ugaptinu's Bottled Wisdom.
   149 | D        | Found Lajusour's Distillery.
   150 | D        | Found a burning altar of Makhleb.
   150 | D        | Found Huudghogo's Distillery.
   173 | D        | Arena points: 5 (+5) [x1]
   188 | D        | Round 2.
   244 | D        | Noticed a porcupine
   253 | D        | Killed a porcupine
   253 | D        | Reached *** piety under Trog
   253 | D        | Reached XP level 5. HP: 48/48 MP: 7/10
   293 | D        | Noticed a porcupine
   301 | D        | Killed a porcupine
   301 | D        | Reached XP level 6. HP: 44/56 MP: 10/12
   326 | D        | Arena points: 17 (+12) [x1]
   339 | D        | Round 3.
   339 | D        | Noticed a troll
   340 | D        | Noticed an orc warrior
   342 | D        | Noticed an orc warrior
   357 | D        | Killed a troll
   357 | D        | Reached **** piety under Trog
   357 | D        | Reached skill level 5 in Short Blades
   357 | D        | Reached skill level 5 in Axes
   357 | D        | Reached skill level 5 in Maces & Flails
   357 | D        | Reached skill level 5 in Polearms
   357 | D        | Reached skill level 5 in Staves
   357 | D        | Reached skill level 5 in Slings
   357 | D        | Reached skill level 5 in Bows
   357 | D        | Reached skill level 5 in Crossbows
   357 | D        | Reached skill level 5 in Throwing
   357 | D        | Reached skill level 5 in Stealth
   357 | D        | Reached skill level 5 in Shields
   357 | D        | Reached skill level 5 in Unarmed Combat
   357 | D        | Reached skill level 5 in Spellcasting
   357 | D        | Reached skill level 5 in Invocations
   357 | D        | Reached skill level 5 in Evocations
   357 | D        | Reached XP level 7. HP: 63/63 MP: 12/14
   432 | D        | Noticed a troll
   441 | D        | Mangled by an orc warrior

Vault maps used:
D:        arena_sprint

Skill      XL: |  1  2  3  4  5  6  7 |
---------------+----------------------+-----
Short Blades   | 1 2 3 4 5 |  5.8
Axes           | 1 2 3 4 5 |  5.8
Maces & Flails | 1 2 3 4 5 |  5.8
Polearms       | 1 2 3 4 5 |  5.8
Staves         | 1 2 3 4 5 |  5.8
Slings         | 1 2 3 4 5 |  5.8
Bows           | 1 2 3 4 5 |  5.8
Crossbows      | 1 2 3 4 5 |  5.8
Throwing       | 1 2 3 4 5 |  5.8
Stealth        | 1 2 3 4 5 |  5.8
Shields        | 1 2 3 4 5 |  5.8
Unarmed Combat | 1 2 3 4 5 |  5.8
Spellcasting   | 1 2 3 4 5 |  5.8
Conjurations   | 1 2 3 4 |  4.8
Hexes          | 1 2 3 4 |  4.8
Charms         | 1 2 3 4 |  4.8
Summonings     | 1 2 3 4 |  4.8
Necromancy     | 1 2 3 4 |  4.8
Translocations | 1 2 3 4 |  4.8
Transmutations | 1 2 3 4 |  4.8
Fire Magic     | 1 2 3 4 |  4.8
Ice Magic      | 1 2 3 4 |  4.8
Air Magic      | 1 2 3 4 |  4.8
Earth Magic    | 1 2 3 4 |  4.8
Poison Magic   | 1 2 3 4 |  4.8
Invocations    | 2 3 4 5 6 |  6.4
Evocations     | 1 2 3 4 5 |  5.8
Armour         | 5 6 7 |  7.5
Dodging        | 5 6 7 |  7.5
Fighting       | 7 8 |  8.9
Long Blades    | 7 8 |  8.9

Action                   |  1- 3 |  4- 6 |  7- 9 || total
-------------------------+-------+-------+-------++-------
Melee: Falchion          |    18 |    26 |    41 ||    85
       Bite              |       |     7 |     7 ||    14
       Punch             |       |       |     2 ||     2
Invok: Berserk           |     1 |     3 |     1 ||     5
  Use: Potion            |       |       |     1 ||     1
  Eat: Chunk             |       |     1 |     1 ||     2
Armor: Chain mail        |     9 |     5 |     4 ||    18
Dodge: Dodged            |    16 |    13 |    17 ||    46
       Rpst.: Falchion   |     8 |     4 |     8 ||    20

Table legend:
 A = Non-vault XP
 B = Vault XP
 C = Vault XP percentage of total XP
 D = Non-vault monster count
 E = Vault monster count
 F = Vault count percentage of total count
                 A         B        C        D         E       F
            +---------+---------+-------+---------+---------+-------
      Total |    1106 |       0 |   0.0 |      13 |       0 |   0.0
            +---------+---------+-------+---------+---------+-------
          D |    1106 |       0 |   0.0 |      13 |       0 |   0.0
            +---------+---------+-------+---------+---------+-------
